Selects Italian Coastal Battlegroup
Construct Infanterie Kompanie
Selects Artillery Officer
Infanterie Officer Quarters
Construct Panzergrenadier Kompanie
Nebelwerfer 42 Rocket Launcher Team
Nebelwerfer 42 Rocket Launcher Team
Construct Panzer Kompanie
Selects Obice da 210/22 Artillery Emplacement
Selects Designate Defensive Line
Selects Designated Artillery Overwatch
Pak 40 Anti-tank Gun Team
Designated Artillery Overwatch